Workbook
Name \0: #REF!
Name \00: #REF!
Name \a: #REF!
Name \a: #REF!
Name \AA: #REF!
Name \b: #REF!
Name \bb: #REF!
Name \E: #REF!
Name \EE: #REF!
Name \G: #REF!
Name \k: #REF!
Name \l: #REF!
Name \M: #REF!
Name \ñ: #REF!
Name \P: #REF!
Name \R: #REF!
Name \s: #REF!
Name \s: #REF!
Name \V: #REF!
Name \X: #REF!
Name \X: #REF!
Name \X: 'INDICAR CÓDIGO DEL ITEM DE PAGO'!ERR
Name \X: [0]!ERR
Name \Z: #REF!
Name \Z: #REF!
Name \Z: 'INDICAR CÓDIGO DEL ITEM DE PAGO'!ERR
Name \Z: [0]!ERR
Name _________AFC1: #REF!
Name _________AFC1: #REF!
Name _________AFC1: #REF!
Name _________AFC3: #REF!
Name _________AFC3: #REF!
Name _________AFC3: #REF!
Name _________AFC5: #REF!
Name _________AFC5: #REF!
Name _________AFC5: #REF!
Name _________BGC1: #REF!
Name _________BGC1: #REF!
Name _________BGC1: #REF!
Name _________BGC3: #REF!
Name _________BGC3: #REF!
Name _________BGC3: #REF!
Name _________BGC5: #REF!
Name _________BGC5: #REF!
Name _________BGC5: #REF!
Name _________CAC1: #REF!
Name _________CAC1: #REF!
Name _________CAC1: #REF!
Name _________CAC3: #REF!
Name _________CAC3: #REF!
Name _________CAC3: #REF!
Name _________CAC5: #REF!
Name _________CAC5: #REF!
Name _________CAC5: #REF!
Name _________FS01: #REF!
Name _________PJ50: #REF!
Name _________PJ50: #REF!
Name _________SBC1: #REF!
Name _________SBC1: #REF!
Name _________SBC1: #REF!

Sheet PRESUPUESTO OFICIAL (Entidad)
C3: Formulario 1 - Propuesta económica - Licitación de obra pública de infraestructura social
C4: Código | D4: CCE-EICP-FM-116 | E4: Versión | F4: 1
C6: PRESUPUESTO OFICIAL
C7: [La Entidad puede utilizar este Formulario de detalle del Presupuesto Oficial para determinar las condiciones bajo las cuales los Proponentes analizarán y presentarán su propuesta económica de forma detallada, sin perjuicio que la Entidad pueda modificarlo o establecer la presentación de la oferta económica con un Formulario distinto al indicado.]
C9: Adicionalmente, cuando el Proceso de Contratación es estructurado por Precios Unitarios, la Entidad debe aplicar las notas 1, 2 y 3 del presente Formulario y las casillas de "Descripción", "Porcentaje" de la Administración, Imprevisto, Utilidad y total A.I.U. resaltadas en color amarillo. Tratándose de otras modalidades de precio, la Entidad puede o no configurar los mismos aspectos.
C11: Nº | D11: ÍTEM DE PAGO | E11: ESPECIFICACIONES | G11: DESCRIPCIÓN | H11: UND. | I11: CANTIDAD | J11: VALOR UNITARIO | K11: VALOR TOTAL
E12: GENERAL | F12: PARTICULAR
C13: 1 | G13: ESTACION DE BOMBEROS
C14: 1.1 | G14: ACTIVIDADES PRELIMINARES
C15: 1.1.1 | G15: CERRAMIENTO EN VARA ROLLIZA Y LONA H = 1.50 M . DISTANCIA ENTRE POSTES 2 M | H15: ML | I15: 251.23 | J15: =+'APUS GOBER'!J55 -> 60859.37 | K15: =+ROUND(I15*J15,0) -> 15289700
C16: Subtotal | K16: =SUM(K15:K15) -> 15289700
C17: 1.2 | G17: MOVIMIENTO DE TIERRAS
C18: 1.2.1 | G18: EXCAVACIÓN MANUAL EN MATERIAL COMUN | H18: M3 | I18: 351.36 | J18: =+'APUS GOBER'!J108 -> 91751 | K18: =+ROUND(I18*J18,0) -> 32237631
C19: 1.2.2 | G19: TRANSPORTE DE MATERIAL SUELTO. (DESPUPES DE 5 KM). | H19: M3-KM | I19: 801.09 | J19: =+'APUS GOBER'!J153 -> 2765 | K19: =+ROUND(I19*J19,0) -> 2215014
C20: 1.2.3 | G20: RELLENO CON MATERIAL DE AFIRMADO COMPACTADO RANA Y/O VIBROCOMPACTADOR. (INCLUYE ACARREO LIBRE HASTA 5 KM.) | H20: M3 | I20: 670.34 | J20: =+'APUS GOBER'!J223 -> 155997 | K20: =+ROUND(I20*J20,0) -> 104571029
C21: 1.2.4 | G21: RELLENO CON MATERIAL DE SITIO, COMPACTADO CON PLANCHA VIBRATORIA (RANA) | H21: M3 | I21: 150 | J21: =+'APUS GOBER'!J286 -> 36095 | K21: =+ROUND(I21*J21,0) -> 5414250
C22: 1.2.5 | G22: EXCAVACIÓNES MECANICAS Y CORTES EN MATERIAL COMÚN (INCLUYE ACARREO LIBRE HASTA 5 KM.) | H22: M3 | I22: 430 | J22: =+'APUS GOBER'!J346 -> 35042 | K22: =+ROUND(I22*J22,0) -> 15068060
C23: Subtotal | K23: =SUM(K18:K22) -> 159505984
C24: 1.3 | G24: ZAPATAS
C25: 1.3.1 | G25: CONCRETO PARA ZAPATAS DE 21 MPa (3000 PSI) + FORMALETA MADERA | H25: M3 | I25: 10.64 | J25: =+'APUS GOBER'!J408 -> 1193929 | K25: =+ROUND(I25*J25,0) -> 12703405
C26: 1.3.2 | G26: SUMINISTRO E INSTALACIÓN DE CONCRETO DE 14 MPA (2000 PSI) SOLADOS Y ATRAQUES | H26: M3 | I26: 2.81 | J26: =+'APUS GOBER'!J470 -> 725594 | K26: =+ROUND(I26*J26,0) -> 2038919
C27: Subtotal | K27: =SUM(K25:K26) -> 14742324
C28: 1.4 | G28: VIGAS DE CIMENTACIÓN
C29: 1.4.1 | G29: CONCRETO PARA VIGA DE AMARRE 21 MPa (3000 PSI) SECCION RECTANGULAR | H29: M3 | I29: 22.49 | J29: =+'APUS GOBER'!J531 -> 1153484 | K29: =+ROUND(I29*J29,0) -> 25941855
C30: 1.4.2 | G30: SUMINISTRO E INSTALACIÓN DE CONCRETO DE 14 MPA (2000 PSI) SOLADOS Y ATRAQUES | H30: M3 | I30: 3.39 | J30: =+J26 -> 725594 | K30: =+ROUND(I30*J30,0) -> 2459764
C31: Subtotal | K31: =SUM(K29:K30) -> 28401619
C32: 1.5 | G32: ESTRUCTURA
C33: 1.5.1 | G33: CONCRETO SIMPLE DE 21 MPa - (3000 PSI) IMPERMEABILIZADO PARA PLACAS PISOS | H33: M3 | I33: 39.26 | J33: =+'APUS GOBER'!J592 -> 1339573 | K33: =+ROUND(I33*J33,0) -> 52591636
C34: 1.5.2 | G34: COLUMNAS Y PEDESTALES EN CONCRETO DE 21 MPa - (3000 PSI), H < 3.00 M. (FORMALETA MADERA) | H34: M3 | I34: 17.82 | J34: =+'APUS GOBER'!J657 -> 1477547 | K34: =+ROUND(I34*J34,0) -> 26329888
C35: 1.5.3 | G35: VIGA AÉREA EN CONCRETO DE 21 MPa - (3000 PSI). | H35: M3 | I35: 19.07 | J35: =+'APUS GOBER'!J720 -> 1913096 | K35: =+ROUND(I35*J35,0) -> 36482741
C36: 1.5.4 | G36: CONCRETO SIMPLE DE 28 MPa - (4000 PSI) IMPERMEABILIZADO PARA MUROS | H36: M3 | I36: 74.97 | J36: =+'APUS GOBER'!J781 -> 1768826 | K36: =+ROUND(I36*J36,0) -> 132608885
C37: 1.5.5 | G37: PLACA EN CONCRETO DE 21 MPa - (3000 PSI) E = 0.10 M. CON LÁMINA COLABORANTE TIPO METALDECK | H37: M3 | I37: 47.53 | J37: =+'APUS GOBER'!J843 -> 221107 | K37: =+ROUND(I37*J37,0) -> 10509216
C38: Subtotal | K38: =SUM(K33:K37) -> 258522366
C39: 1.6 | G39: ACERO DE REFUERZO
C40: 1.6.1 | G40: SUMINISTRO, FIGURADA Y AMARRE DE ACERO DE 420 MPa (60000 PSI) | H40: KG | I40: 21129.41 | J40: =+'APUS GOBER'!J906 -> 9978 | K40: =+ROUND(I40*J40,0) -> 210829253
C41: 1.6.2 | G41: SUMINISTRO E INSTALACIÓN DE MALLA ELECTROSOLDADA | H41: KG | I41: 4382.16 | J41: =+'APUS GOBER'!J968 -> 9651 | K41: =+ROUND(I41*J41,0) -> 42292226
C42: Subtotal | K42: =SUM(K40:K41) -> 253121479
C43: 1.7 | G43: SISTEMA DE RED HIDRAULICA
C44: 1.7.1 | G44: LOCALIZACIÓN Y REPLANTEO DE REDES | H44: ML | I44: 181.25 | J44: =+'APUS GOBER'!J1032 -> 6190 | K44: =+ROUND(I44*J44,0) -> 1121938
C45: 1.7.2 | G45: EXCAVACIÓN MANUAL EN MATERIAL COMUN | H45: M3 | I45: 66.19 | J45: =+'APUS GOBER'!J1085 -> 91751 | K45: =+ROUND(I45*J45,0) -> 6072999
C46: 1.7.3 | G46: TRANSPORTE DE MATERIAL SUELTO. (DESPUPES DE 5 KM). | H46: M3-KM | I46: 80.11 | J46: =+'APUS GOBER'!J1130 -> 2765 | K46: =+ROUND(I46*J46,0) -> 221504
C47: 1.7.4 | G47: RELLENO CON MATERIAL DE AFIRMADO COMPACTADO RANA Y/O VIBROCOMPACTADOR. (INCLUYE ACARREO LIBRE HASTA 5 KM.) | H47: M3 | I47: 53.06 | J47: =+'APUS GOBER'!J1200 -> 155997 | K47: =+ROUND(I47*J47,0) -> 8277201
C48: 1.7.5 | G48: RELLENO EN ARENA DE PEÑA COMPACTADO CON PLANCHA VIBRADORA. | H48: M3 | I48: 13.13 | J48: =+'APUS GOBER'!J1263 -> 161548 | K48: =+ROUND(I48*J48,0) -> 2121125
C49: 1.7.6 | G49: SUMINISTRO E INSTALACIÓN DE TUBERÍA PVC DE 1" T.P. PARA RED DE SUMINISTRO. | H49: ML | I49: 29.83 | J49: =+'APUS GOBER'!J1327 -> 17502 | K49: =+ROUND(I49*J49,0) -> 522085
C50: 1.7.7 | G50: MEDIDOR INCLUYE ACCESORIOS | H50: UN | I50: 1 | J50: =+'APUs ADICIONALES'!H2 -> 258293 | K50: =+ROUND(I50*J50,0) -> 258293
C51: 1.7.8 | G51: SUMINISTRO E INSTALACIÓN DE TUBERÍA PVC DE 1/2" T.P, PARA RED DE SUMINISTRO. | H51: ML | I51: 64.79 | J51: =+'APUS GOBER'!J1390 -> 9813 | K51: =+ROUND(I51*J51,0) -> 635784
C52: 1.7.9 | G52: SUMINISTRO E INSTALACIÓN DE TUBERÍA PVC DE 3/4" T.P, PARA RED DE SUMINISTRO. | H52: ML | I52: 37.8 | J52: =+'APUS GOBER'!J1453 -> 13775 | K52: =+ROUND(I52*J52,0) -> 520695
C53: 1.7.10 | G53: SUMINISTRO E INSTALACIÓN DE TUBERÍA PVC DE 1 1/4" T.P. PARA RED DE SUMINISTRO. | H53: ML | I53: 119.88 | J53: =+'APUS GOBER'!J1517 -> 22010 | K53: =+ROUND(I53*J53,0) -> 2638559
C54: 1.7.11 | G54: SUMINISTRO E INSTALACIÓN DE REGISTRO DE BOLA ROSCADO PVC DE 3/4" T.P. | H54: UND. | I54: 2 | J54: =+'APUS GOBER'!J1580 -> 39022 | K54: =+ROUND(I54*J54,0) -> 78044
C55: 1.7.12 | G55: LOSA INFERIOR BASE PARA CAMARA (POZO) DE INSPECCION EN CONCRETO DE 4000 PSI, D=1.80 M E=0.20 M. INCLUYE CAÑUELAS. | H55: UN | I55: 1 | J55: =+'APUs ADICIONALES'!H11 -> 381870 | K55: =+ROUND(I55*J55,0) -> 381870
C56: 1.7.13 | G56: SUMINISTRO E INSTALACIÓN DE REGISTRO DE BOLA ROSCADO PVC DE 1/2" T.P. | H56: UND. | I56: 5 | J56: =+'APUS GOBER'!J1643 -> 32248 | K56: =+ROUND(I56*J56,0) -> 161240
C57: 1.7.14 | G57: SUMINISTRO E INSTALACIÓN DE REGISTRO DE BOLA ROSCADO PVC DE 1" T.P. | H57: UND. | I57: 1 | J57: =+'APUS GOBER'!J1706 -> 52247 | K57: =+ROUND(I57*J57,0) -> 52247
C58: 1.7.15 | G58: SUMINISTRO E INSTALACIÓN DE SALIDA DE AGUA FRÍA EN TUBERÍA PVC DE 1/2" T.P. | H58: UND. | I58: 20 | J58: =+'APUS GOBER'!J1770 -> 146133 | K58: =+ROUND(I58*J58,0) -> 2922660
C59: 1.7.16 | G59: SUMINISTRO E INSTALACIÓN DE TUBERÍA SANITARIA DE 2" PVC T.P. | H59: ML | I59: 18.2 | J59: =+'APUS GOBER'!J1834 -> 39430 | K59: =+ROUND(I59*J59,0) -> 717626
C60: 1.7.17 | G60: SUMINISTRO E INSTALACIÓN DE TUBERÍA SANITARIA DE 4" PVC T.P. | H60: ML | I60: 70.08 | J60: =+'APUS GOBER'!J1898 -> 78184 | K60: =+ROUND(I60*J60,0) -> 5479135
C61: 1.7.18 | G61: SALIDA SANITARIA LAVAMANOS 2" SUMINISTRO E INSTALACIÓN | H61: UN | I61: 6 | J61: =+'APUs ADICIONALES'!H16 -> 72194 | K61: =+ROUND(I61*J61,0) -> 433164
C62: 1.7.19 | G62: SALIDA SANITARIA DUCHA 2" SUMINISTRO E INSTALACIÓN | H62: UN | I62: 2 | J62: =+'APUs ADICIONALES'!H25 -> 72194 | K62: =+ROUND(I62*J62,0) -> 144388
C63: 1.7.20 | G63: SALIDA SANITARIA GRIFERIA 2" | H63: UN | I63: 2 | J63: =+'APUs ADICIONALES'!H34 -> 72194 | K63: =+ROUND(I63*J63,0) -> 144388
C64: 1.7.21 | G64: SALIDA SANITARIA LAVAPLATOS 2" | H64: UN | I64: 1 | J64: =+'APUs ADICIONALES'!H43 -> 195112 | K64: =+ROUND(I64*J64,0) -> 195112
C65: 1.7.22 | G65: SALIDA SANITARIA SANITARIO 4" SUMINISTRO E INSTALACIÓN | H65: UN | I65: 6 | J65: =+'APUs ADICIONALES'!H53 -> 130031 | K65: =+ROUND(I65*J65,0) -> 780186
C66: 1.7.23 | G66: SALIDA SANITARIA LAVADORA 3" | H66: UN | I66: 1 | J66: =+'APUs ADICIONALES'!H63 -> 109134 | K66: =+ROUND(I66*J66,0) -> 109134
C67: 1.7.24 | G67: CAJA DE INSPECCIÓN DE 0.80 X 0.80 X 0.80 M EN CONCRETO 3000 PSI ELABORADA EN SITIO. INCLUYE TAPA EN CONCRETO REFORZADO Y MARCO EN ÁNGULO METÁLICO. SUMINISTRO Y ELABORACIÓN. | H67: UN | I67: 5 | J67: =+'APUs ADICIONALES'!H73 -> 516432 | K67: =+ROUND(I67*J67,0) -> 2582160
C68: 1.7.25 | G68: CARCAMO EN CONCRETO DE 3000 PSI | H68: M3 | I68: 3.49 | J68: =+'APUs ADICIONALES'!H85 -> 890696 | K68: =+ROUND(I68*J68,0) -> 3108529
C69: 1.7.26 | G69: BAJANTE REDONDA AGUAS LLUVIAS 4" PVC SUMINISTRO E INSTALACIÓN | H69: ML | I69: 18 | J69: =+'APUs ADICIONALES'!H91 -> 47223 | K69: =+ROUND(I69*J69,0) -> 850014
C70: 1.7.27 | G70: LAVADERO PREFABRICADO 0.65 0.80 M SUMINISTRO E INSTALACIÓN | H70: UN | I70: 1 | J70: =+'APUs ADICIONALES'!H101 -> 429875 | K70: =+ROUND(I70*J70,0) -> 429875
C71: 1.7.28 | G71: SUMINISTRO E INSTALACIÓN DE SALIDA DE AGUA FRÍA EN TUBERÍA PVC DE 3/4" T.P. | H71: UND. | I71: 1 | J71: =+'APUS GOBER'!J1962 -> 155549 | K71: =+ROUND(I71*J71,0) -> 155549
C72: 1.7.29 | G72: ACCESORIO PVCP 1-1/4" SUMINISTRO E INSTALACIÓN | H72: UN | I72: 9 | J72: =+'APUs ADICIONALES'!H107 -> 6930 | K72: =+ROUND(I72*J72,0) -> 62370
C73: 1.7.30 | G73: ACCESORIO PVCP 1" SUMINISTRO E INSTALACIÓN | H73: UN | I73: 7 | J73: =+'APUs ADICIONALES'!H114 -> 6670 | K73: =+ROUND(I73*J73,0) -> 46690
C74: 1.7.31 | G74: ACCESORIO PVCP 3/4" SUMINISTRO E INSTALACIÓN | H74: UN | I74: 10 | J74: =+'APUs ADICIONALES'!H121 -> 6410 | K74: =+ROUND(I74*J74,0) -> 64100
C75: 1.7.32 | G75: ACCESORIO PVCP 1/2" SUMINISTRO E INSTALACIÓN | H75: UN | I75: 21 | J75: =+'APUs ADICIONALES'!H128 -> 6020 | K75: =+ROUND(I75*J75,0) -> 126420
C76: 1.7.33 | G76: SUMINISTRO E INSTALACIÓN DE TUBERÍA SANITARIA DE 6" PVC T.P. | H76: ML | I76: 39.62 | J76: =+'APUS GOBER'!J2026 -> 184870 | K76: =+ROUND(I76*J76,0) -> 7324549
C77: 1.7.34 | G77: SUMINISTRO E INSTALACIÓN DE TUBERÍA SANITARIA DE 3" PVC T.P. | H77: ML | I77: 6.3 | J77: =+'APUS GOBER'!J2090 -> 56324 | K77: =+ROUND(I77*J77,0) -> 354841
C78: 1.7.35 | G78: SUMINISTRO E INSTALACIÓN DE TEE SENCILLA SANITARIA DE 2" PVC, PARA REPARACIONES Y/O MEJORAMIENTOS LOCATIVOS. | H78: UND. | I78: 9 | J78: =+'APUS GOBER'!J2154 -> 17874 | K78: =+ROUND(I78*J78,0) -> 160866
C79: 1.7.36 | G79: SUMINISTRO E INSTALACIÓN DE TEE SENCILLA SANITARIA DE 3" PVC, PARA REPARACIONES Y/O MEJORAMIENTOS LOCATIVOS. | H79: UND. | I79: 3 | J79: =+'APUS GOBER'!J2218 -> 21079 | K79: =+ROUND(I79*J79,0) -> 63237
C80: 1.7.37 | G80: SUMINISTRO E INSTALACIÓN DE TEE SENCILLA SANITARIA DE 4" PVC, PARA REPARACIONES Y/O MEJORAMIENTOS LOCATIVOS. | H80: UND. | I80: 18 | J80: =+'APUS GOBER'!J2282 -> 38151 | K80: =+ROUND(I80*J80,0) -> 686718
C81: 1.7.38 | G81: SUMINISTRO E INSTALACIÓN TUBERÍA DE ALCANTARILLADO PVC D=8" | H81: ML | I81: 50.79 | J81: =+'APUS GOBER'!J2345 -> 131551 | K81: =+ROUND(I81*J81,0) -> 6681475
C82: 1.7.39 | G82: LOSA SUPERIOR PARA CAMARA (POZO) DE INSPECCIÓN EN CONCRETO DE 4000 PSI, D=1.60 M, E=0.125 M. FUNDIDA EN SITIO. INCLUYE ACERO DE REFUERZO, ANILLO Y TAPA EN H.D. 24" TRAFICO PESADO. | H82: UN | I82: 1 | J82: =+'APUs ADICIONALES'!H135 -> 206512 | K82: =+ROUND(I82*J82,0) -> 206512
C83: 1.7.40 | G83: CILINDRO EN CONCRETO DE 4000 PSI DE Ø INT=1.20 M E=0.20 M FUNDIDO EN SITIO PARA CAMARA DE INSPECCION. INCLUYE PELDAÑOS SEGÚN NORMA SUMINISTRADA. | H83: ML | I83: 1.6 | J83: =+'APUs ADICIONALES'!H140 -> 1176176 | K83: =+ROUND(I83*J83,0) -> 1881882
C84: Subtotal | K84: =SUM(K44:K83) -> 58775164
C85: 1.8 | G85: CUARTO DE BOMBAS
C86: 1.8.1 | G86: SISTEMA BOMBA SUMERGIBLE PARA POZO EYECTOR INCLUYE ACCESORIOS | H86: UN | I86: 1 | J86: =+'APUs ADICIONALES'!H148 -> 15032692 | K86: =+ROUND(I86*J86,0) -> 15032692
C87: 1.8.2 | G87: EQUIPO DE PRESION PARA CARGUE Y SUMINISTRO DE VEHÍCULOS DE EMERGENCIA (INCLUYE BOMBA CENTRÍFUGA 5 HP) | H87: UN | I87: 1 | J87: =+'APUs ADICIONALES'!H153 -> 8353159 | K87: =+ROUND(I87*J87,0) -> 8353159
C88: Subtotal | K88: =SUM(K86:K87) -> 23385851
C89: 1.9 | G89: RED ELECTRICA
C90: 1.9.1 | G90: INSTALACION ELECTRICA INTERIOR
C91: 1.9.1.1 | G91: SUMINISTRO E INSTALACIÓN DE SALIDA COMPLETA PARA TOMACORRIENTE MONOFÁSICO, EN CALIBRE 12 AWG Y DUCTO PVC DE 1/2". (INCLUYE APARATO). | H91: UND | I91: 47 | J91: =+'APUS GOBER'!J2411 -> 153558 | K91: =+ROUND(I91*J91,0) -> 7217226
C92: 1.9.1.2 | G92: SUMINISTRO E INSTALACIÓN DE SALIDA COMPLETA PARA TOMACORRIENTE TRIFÁSICO, EN CALIBRE 10 AWG (3F, N, T) Y DUCTO PVC DE 1". (INCLUYE APARATO). | H92: UND | I92: 4 | J92: =+'APUS GOBER'!J2477 -> 242772 | K92: =+ROUND(I92*J92,0) -> 971088
C93: 1.9.1.3 | G93: SALIDA PARA TOMA GFCI SUMINISTRO E INSTALACIÓN | H93: PTO | I93: 7 | J93: =+'APUs ADICIONALES'!H161 -> 334152 | K93: =+ROUND(I93*J93,0) -> 2339064
C94: 1.9.1.4 | G94: SUMINISTRO E INSTALACIÓN DE SALIDA DE ILUMINACIÓN EN PLACA O MURO, EN CALIBRE 12 AWG (F, N, T) EN DUCTO PVC 1/2 " | H94: UND | I94: 47 | J94: =+'APUS GOBER'!J2542 -> 129623 | K94: =+ROUND(I94*J94,0) -> 6092281
C95: 1.9.1.5 | G95: UPS BIFASICA 2kVA | H95: PTO | I95: 1 | J95: =+'APUs ADICIONALES'!H174 -> 5581406 | K95: =+ROUND(I95*J95,0) -> 5581406
C96: Subtotal | K96: =SUM(K91:K95) -> 22201065
C97: 1.9.2 | G97: INSTALACION ELECTRICA INTERIOR
C98: 1.9.2.1 | G98: TABLERO PARCIAL 4 CIRCUITOS. INCLUYE BREAKER SUMINISTRO E INSTALACIÓN | H98: UN | I98: 2 | J98: =+'APUs ADICIONALES'!H181 -> 260888 | K98: =+ROUND(I98*J98,0) -> 521776
C99: 1.9.2.2 | G99: TABLERO PARCIAL 8 CIRCUITOS. INCLUYE BREAKER SUMINISTRO E INSTALACIÓN | H99: UN | I99: 1 | J99: =+'APUs ADICIONALES'!H187 -> 439846 | K99: =+ROUND(I99*J99,0) -> 439846
C100: 1.9.2.3 | G100: TABLERO PARCIAL 24 CIRCUITOS. INCLUYE BREAKER SUMINISTRO E INSTALACIÓN | H100: UN | I100: 1 | J100: =+'APUs ADICIONALES'!H193 -> 1251939 | K100: =+ROUND(I100*J100,0) -> 1251939
C101: 1.9.2.4 | G101: GABINETE EQUIPO DE MEDIDA SEMIDIRECTA NORMA AE-315 CODENSA PARA EQUIPO CONTRA INCENDIO, COMPUESTO POR GABINETE METÁLICO HOMOLODADO CON ESPACIO PARA ALBERGAR (1) MEDIDOR ELECTRÓNICO 120/208V - 5A, (3) TRANSFORMADORES DE CORRIENTE TIPO BARRA PASANTE 3x75/5A, (1) BORNERA Y (1) BANDEJA DE CONEXION, (1) BREAKER DE PROTECCIÓN TIPO INDUSTRIAL 3x20A GRADUABLE, CABLEADO Y CONEXIONES | H101: UN | I101: 1 | J101: =+'APUs ADICIONALES'!H199 -> 1329679 | K101: =+ROUND(I101*J101,0) -> 1329679
C102: 1.9.2.5 | G102: CONTADOR DE ENERGIA ACTIVA 5 A, CONTADOR DE ENERGIA REACTIVA 5 A, TRES (3) TRANSFORMADORES DE CORRIENTE MEDIDA 5 A DE PLATINA | H102: UN | I102: 1 | J102: =+'APUs ADICIONALES'!H205 -> 1889381 | K102: =+ROUND(I102*J102,0) -> 1889381
C103: 1.9.2.6 | G103: TABLERO PARCIAL 12 CIRCUITOS.INCLUYE BREAKER SUMINISTRO E INSTALACIÓN | H103: UN | I103: 2 | J103: =+'APUs ADICIONALES'!H212 -> 790586 | K103: =+ROUND(I103*J103,0) -> 1581172
C104: 1.9.2.7 | G104: TABLERO PARCIAL 18 CIRCUITOS. INCLUYE BREAKER SUMINISTRO E INSTALACIÓN | H104: UN | I104: 1 | J104: =+'APUs ADICIONALES'!H218 -> 1279759 | K104: =+ROUND(I104*J104,0) -> 1279759
C105: Subtotal | K105: =SUM(K98:K104) -> 8293552
...

Sheet PROPUESTA ECONOMICA(Proponente)
C3: Formulario 1 - Propuesta económica - Licitación de obra pública de infraestructura social
C4: Código | D4: CCE-EICP-FM-116 | E4: Versión | F4: 1
C5: FORMULARIO 1
C6: PROPUESTA ECONÓMICA
C7: [La Entidad puede utilizar este Formulario de presentación de Propuesta Económica de forma detallada, sin perjuicio que la Entidad pueda modificarlo o establecer la presentación de la oferta económica con un Formulario distinto al indicado.] [Los Proponentes emplearán el Formulario establecido por la Entidad para determinar su propuesta económica conforme al Formulario 1 - Presupuesto Oficial publicado por la Entidad]
C9: Cuando el Proceso de Contratación es estructurado por Precios Unitarios, la Entidad debe aplicar las notas 1, 2 y 3 del presente formato y las casillas de "Descripción", "Porcentaje" de la Administración, Imprevisto, Utilidad y total A.I.U. resaltadas en color amarillo.
C11: Nº | D11: ÍTEM DE PAGO | E11: ESPECIFICACIONES | G11: DESCRIPCIÓN | H11: UND. | I11: CANTIDAD | J11: VALOR UNITARIO | K11: VALOR TOTAL
E12: GENERAL | F12: PARTICULAR
C15: Subtotal
C21: Subtotal
C31: Subtotal
C36: Subtotal
C39: Subtotal
C40: SUBTOTAL OBRAS
G45: SUBTOTAL OBRAS (INCLUYE IVA)
G49: VALOR TOTAL
C52: NOTA 1: Se debe tener en cuenta que el PRECIO UNITARIO incluye el valor de A.I.U. | H52: DESCRIPCIÓN | K52: PORCENTAJE
C53: NOTA 2: Cuando la fracción decimal del peso sea igual o superior a 5 se aproximara por exceso al número entero siguiente del peso y cuando la fracción decimal del peso sea inferior a 5 se aproximará por defecto al número entero del peso. | H53: ADMINISTRACIÓN | J53: A= | K53: [Ofrecimiento del Proponente]
C54: NOTA 3: El A.I.U y su discriminación deben estar en porcentaje (%). | H54: IMPREVISTO | J54: I= | K54: [Ofrecimiento del Proponente]
H55: UTILIDAD | J55: U= | K55: [Ofrecimiento del Proponente]
H56: TOTAL A.I.U | J56: A.I.U.= | K56: [Ofrecimiento del Proponente]
G59: Firma del Proponente o de su representante legal

Sheet INDICAR CÓDIGO DEL ITEM DE PAGO
C3: Formulario 1 - Propuesta económica - Licitación de obra pública de infraestructura social
C4: Código | D4: CCE-EICP-FM-116 | E4: Versión | F4: 1
C6: [La Entidad podrá utilizar este Formato para la presentación de los análisis de Precios Unitarios del Contratista en la oportunidad prevista en el numeral 8.1. del Documento Base]
D9: [NOMBRE DE LA ENTIDAD]
L10: VERSIÓN
D11: [NÚMERO DEL PROCESO]
L12: PÁGINA | M12: 1 | N12: DE | O12: 1
D14: ANÁLISIS DE PRECIOS UNITARIOS
L16: FECHA | M16: DD | N16: MM | O16: AA
C18: ÍTEMS DE LA PROPUESTA ECONÓMICA | I18: ÍTEMS NO PREVISTOS
C22: DATOS ESPECÍFICOS
C24: ÍTEM | D24: DESCRIPCIÓN | M24: UNIDAD | O24: CANTIDAD
C26: I. EQUIPO
C29: DESCRIPCIÓN | H29: MARCA | J29: TIPO | L29: TARIFA/HORA | M29: RENDIMIENTO | O29: Vr. UNITARIO
C33: SUBTOTAL $
C34: II. MATERIALES
C37: DESCRIPCIÓN | K37: UNIDAD | L37: CANTIDAD | M37: PRECIO UNIT. | O37: Vr. UNITARIO
C40: SUBTOTAL $ | O40: 0
C41: III. TRANSPORTES
C44: MATERIAL | J44: VOL. o PESO | K44: DISTANCIA | L44: M3 o Ton/Km | M44: TARIFA | O44: Vr. UNITARIO
C47: SUBTOTAL $
C48: IV. MANO DE OBRA
C51: TRABAJADOR | J51: JORNAL | K51: PRESTACIONES | L51: JORNAL TOTAL | M51: RENDIMIENTO | O51: Vr. UNITARIO
C56: SUBTOTAL $
C58: TOTAL COSTO DIRECTO $
C59: V. COSTOS INDIRECTOS
C62: Descripción | L62: Porcentaje | M62: Valor Total
C63: ADMINISTRACION
C64: IMPREVISTOS
C65: UTILIDAD
C66: SUBTOTAL $
C68: Precio Unitario Total Aproximado al peso $
H70: Firma
H71: Nombre:
H72: Representante legal del Contratista o su apoderado
H73: Matricula:
C75: OBSERVACIONES INTERVENTORÍA
C79: APROBACIÓN POR INTERVENTORÍA
C80: Nota 1: Cuando se trate de análisis de Precios Unitarios correspondientes a ítems de la propuesta económica aprobada, el Interventor aprueba el desglose de los componentes manteniendo el mismo Precio Unitario de cada ítem, cumpliendo con las especificaciones de construcción vigentes para el proyecto.
C82: Nota 2: Cuando se trate de análisis de Precios Unitarios de ítems no previstos, el Interventor aprueba el desglose y Precio Unitario de cada ítem no previsto, exigiendo la aplicación de los costos correspondientes a insumos y tarifas de la propuesta económica inicial cuando estén contemplados, cumpliendo con las especificaciones de construcción vigente para el proyecto.
H85: Firma
H86: Nombre:
H87: Representante legal del Interventor o su apoderado
H88: Matricula :

Sheet APUS GOBER
F4: FORMATO | I4: VERSIÓN: 1
I5: CÓDIGO: M-PD-ID-F-001
D6: GOBERNACIÓN DE BOYACÁ - SECRETARÍA DE INFRAESTRUCTURA PÚBLICA | I6: FECHA: 30/abril/2025
D7: ANÁLISIS DE PRECIOS UNITARIOS
D9: No. CAPÍTULO | E9: C A P Í T U L O
D10: 3 | E10: I N F R A E S T R U C T U R A V I A L
D11: No. SUB-CAPÍTULO | E11: S U B - C A P Í T U L O
D12: 3.13 | E12: V A R I O S ( V Í A S ).
D13: REF. PRECIO GOB. BOYACÁ | E13: DESCRIPCIÓN DE LA ACTIVIDAD | J13: Unidad
D14: 3.13.08
D15: No. ÍTEM PRESUPUESTO | E15: CERRAMIENTO EN VARA ROLLIZA Y LONA H = 1.50 M . DISTANCIA ENTRE POSTES 2 M | J15: ML
D16: 3.13.08
D18: 1. MATERIAL
D19: Descripción | G19: Unidad | H19: Valor Unitario | I19: Cantidad | J19: Valor parcial
D20: TELA CERRAMIENTO OBRA (VERDE) | G20: ML | H20: 1825.5 | I20: 1 | J20: =ROUND((+IF(D20="","",H20*I20)),2) -> 1825.5
D21: MADERA VARA DE CLAVO | G21: ML | H21: 7000 | I21: 2.5 | J21: =+IF(D21="","",H21*I21) -> 17500
D22: REPISA ORDINARIO 3m. | G22: ML | H22: 5950 | I22: 1.5 | J22: =+IF(D22="","",H22*I22) -> 8925
D23: PUNTILLA CON Y SIN CABEZA 2 | G23: LB | H23: 5094.67 | I23: 0.03 | J23: =+IF(D23="","",H23*I23) -> 152.8401
J24: =+IF(D24="","",H24*I24)
J25: =+IF(D25="","",H25*I25)
J26: =+IF(D26="","",H26*I26)
G27: SUBTOTAL MATERIALES | J27: =+ROUND(SUM(J20:J26),2) -> 28403.34
D29: 2. EQUIPO
D30: Descripción | G30: Unidad | H30: Vr. Unitario | I30: Cantidad | J30: Valor parcial
D31: HERRAMIENTA Y EQUIPO MENOR (%M.O.) | G31: % | H31: 17534.82 | I31: 0.05 | J31: =+IF(D31="","",H31*I31) -> 876.741
J32: =+IF(D32="","",H32*I32)
J33: =+IF(D33="","",H33*I33)
J34: =+IF(D34="","",H34*I34)
G35: SUBTOTAL EQUIPO | J35: =ROUND(+SUM(J31:J34),2) -> 876.74
D37: 3. MANO DE OBRA
D38: Descripción | G38: Unidad | H38: Vr. Unitario | I38: Cantidad | J38: Valor parcial
D39: CUADRILLA DE ALBAÑILERIA (AA) | G39: HC | H39: 29224.692 | I39: 0.6 | J39: =(+IF(D39="","",(H39*I39))) -> 17534.815
J40: =(+IF(D40="","",(H40*I40)))
J41: =(+IF(D41="","",(H41*I41)))
G43: SUBTOTAL MANO DE OBRA | J43: =+ROUND(SUM(J39:J42),2) -> 17534.82
D45: COSTO DIRECTO | J45: =ROUND((SUM(+J27+J35+J43)),2) -> 46814.9
D47: INCREMENTO POR DISTANCIA (F.I.D.) | I47: 0 | J47: =+J45*I47 -> 0
D48: TOTAL COSTO DIRECTO + INCREMENTO POR DISTANCIA | J48: =+J47+J45 -> 46814.9
D50: ADMINISTRACIÓN | I50: 0.24 | J50: =+J45*I50 -> 11235.576
D51: IMPREVISTOS | I51: 0.01 | J51: =+J45*I51 -> 468.149
D52: UTILIDAD | I52: 0.05 | J52: =+J45*I52 -> 2340.745
D53: TOTAL COSTOS INDIRECTOS | J53: =SUM(J50:J52) -> 14044.47
D55: TOTAL COSTOS ACTIVIDAD (INCLUYE AIU E INCREMENTO POR DISTANCIA) | J55: =SUM(J48+J53) -> 60859.37
D57: OBSERVACIONES:
G59: ________________________________________
G60: Realizó
G62: ________________________________________
G63: Aprobó
F68: FORMATO | I68: VERSIÓN: 1
I69: CÓDIGO: M-PD-ID-F-001
D70: GOBERNACIÓN DE BOYACÁ - SECRETARÍA DE INFRAESTRUCTURA PÚBLICA | I70: FECHA: 30/abril/2025
D71: ANÁLISIS DE PRECIOS UNITARIOS
D73: No. CAPÍTULO | E73: C A P Í T U L O
D74: 3 | E74: I N F R A E S T R U C T U R A V I A L
D75: No. SUB-CAPÍTULO | E75: S U B - C A P Í T U L O
D76: 3.03 | E76: O B R A S D E D R E N A J E , P R O T E C C I Ó N Y E S T R U C T U R A S
D77: REF. PRECIO GOB. BOYACÁ | E77: DESCRIPCIÓN DE LA ACTIVIDAD | J77: Unidad
D78: 3.03.10
D79: No. ÍTEM PRESUPUESTO | E79: EXCAVACIÓN MANUAL EN MATERIAL COMUN | J79: M3
D80: 3.03.10
D82: 2. EQUIPO
D83: Descripción | G83: Unidad | H83: Vr. Unitario | I83: Cantidad | J83: Valor parcial
D84: HERRAMIENTA Y EQUIPO MENOR (%M.O.) | G84: % | H84: 67216.79 | I84: 0.05 | J84: =+IF(D84="","",H84*I84) -> 3360.8395
J85: =+IF(D85="","",H85*I85)
J86: =+IF(D86="","",H86*I86)
J87: =+IF(D87="","",H87*I87)
G88: SUBTOTAL EQUIPO | J88: =ROUND(+SUM(J84:J87),2) -> 3360.84
D90: 3. MANO DE OBRA
D91: Descripción | G91: Unidad | H91: Vr. Unitario | I91: Cantidad | J91: Valor parcial
D92: CUADRILLA DE ALBAÑILERIA (AA) | G92: HC | H92: 29224.692 | I92: 2.3 | J92: =(+IF(D92="","",(H92*I92))) -> 67216.791
J93: =(+IF(D93="","",(H93*I93)))
J94: =(+IF(D94="","",(H94*I94)))
G96: SUBTOTAL MANO DE OBRA | J96: =+ROUND(SUM(J92:J95),2) -> 67216.79
D98: COSTO DIRECTO | J98: =ROUND((SUM(+J88+J96)),2) -> 70577.63
D100: INCREMENTO POR DISTANCIA (F.I.D.) | I100: 0 | J100: =+J98*I100 -> 0
D101: TOTAL COSTO DIRECTO + INCREMENTO POR DISTANCIA | J101: =+J100+J98 -> 70577.63
D103: ADMINISTRACIÓN | I103: 0.24 | J103: =+J98*I103 -> 16938.631
D104: IMPREVISTOS | I104: 0.01 | J104: =+J98*I104 -> 705.7763
D105: UTILIDAD | I105: 0.05 | J105: =+J98*I105 -> 3528.8815
D106: TOTAL COSTOS INDIRECTOS | J106: =SUM(J103:J105) -> 21173.289
D108: TOTAL COSTOS ACTIVIDAD (INCLUYE AIU E INCREMENTO POR DISTANCIA) | J108: =ROUND(SUM(J101+J106),0) -> 91751
D110: OBSERVACIONES:
G112: ________________________________________
G113: Realizó
G115: ________________________________________
G116: Aprobó
F121: FORMATO | I121: VERSIÓN: 1
I122: CÓDIGO: M-PD-ID-F-001
D123: GOBERNACIÓN DE BOYACÁ - SECRETARÍA DE INFRAESTRUCTURA PÚBLICA | I123: FECHA: 30/abril/2025
D124: ANÁLISIS DE PRECIOS UNITARIOS
D126: No. CAPÍTULO | E126: C A P Í T U L O
D127: 3 | E127: I N F R A E S T R U C T U R A V I A L
D128: No. SUB-CAPÍTULO | E128: S U B - C A P Í T U L O
D129: 3.12 | E129: T R A N S P O R T E
D130: REF. PRECIO GOB. BOYACÁ | E130: DESCRIPCIÓN DE LA ACTIVIDAD | J130: Unidad
D131: 3.12.02
D132: No. ÍTEM PRESUPUESTO | E132: TRANSPORTE DE MATERIAL SUELTO. (DESPUPES DE 5 KM). | J132: M3-KM
D133: 3.12.02
D135: 4. TRANSPORTE
D136: Descripción | G136: Unidad | H136: Vr. Unitario | I136: Cantidad | J136: Valor parcial
...

Sheet APUs ADICIONALES
A2: 1.7.7 | B2: MEDIDOR INCLUYE ACCESORIOS | C2: UN | F2: =ROUND(SUM(F3:F8),0) -> 198687 | H2: =ROUND(F2*1.3,0) -> 258293
B3: MEDIDOR AGUA 1/2" R-160 ACUATUBOS C/CERTIFICADO | C3: UN | D3: 1 | E3: 134074 | F3: =+D3*E3 -> 134074 | J3: Descripción | K3: Unidad | L3: Vr. Unitario ($)
B4: LLAVE BOLA 1/2 PVC ANTIF ROSCA METAL PCP | C4: UN | D4: 1 | E4: 16017 | F4: =+D4*E4 -> 16017 | J4: CUADRILLA DE ALBAÑILERIA (AA) | K4: HC | L4: 29224.692
B5: ACCESORIOS-LIMPIADOR Y SOLDADURA PVC | C5: % | D5: 0.08 | E5: 150091 | F5: =+D5*E5 -> 12007.28 | J5: CUADRILLA DE ALBAÑILERIA (AA1) | K5: HC | L5: 40914.569
B6: EQUIPOS-HERRAMIEN P/PRUEBA HIDROSTÁTICA | C6: M | D6: 467 | E6: 1 | F6: =+D6*E6 -> 467 | J6: CUADRILLA DE INSTALACIÓNES (BB) | K6: HC | L6: 35069.629
B7: HERRAMIENTAS MENORES | C7: %MO | D7: 0.03 | E7: =+F8 -> 35069.629 | F7: =+D7*E7 -> 1052.0889 | J7: CUADRILLA DE PINTURAS Y ESTUCOS (CC) | K7: HC | L7: 49097.481
B8: MANO DE OBRA BB | C8: hc | D8: 1 | E8: =+L6 -> 35069.629 | F8: =+D8*E8 -> 35069.629 | J8: CUADRILLA DE CARPINTERIA EN MADERA (DD) | K8: HC | L8: 49097.481
J9: CUADRILLA DE CABLEADO ESTRUCTURADO (EE) | K9: HC | L9: 51248.966
J10: CUADRILLA DE INSTALACIÓNES ELÉCTRICAS (FF) | K10: HC | L10: 46759.507
A11: 1.7.12 | B11: LOSA INFERIOR BASE PARA CAMARA (POZO) DE INSPECCION EN CONCRETO DE 4000 PSI, D=1.80 M E=0.20 M. INCLUYE CAÑUELAS. | C11: UN | F11: =ROUND(SUM(F12:F14),0) -> 293746 | H11: =ROUND(F11*1.3,0) -> 381870 | J11: CUADRILLA DE INSTALACIÓNES ELÉCTRICAS ESPECIALIZADAS (FF1) | K11: HC | L11: 60694.112
B12: CONCRETO 1:2:2 ELABORADO EN OBRA-4.000PSI CLASE D | C12: M3 | D12: 0.5 | E12: 551370 | F12: =+E12*D12 -> 275685 | J12: CUADRILLA DE DRY WALL (GG) | K12: HC | L12: 50266.469
B13: HERRAMIENTAS MENORES | C13: %MO | D13: 0.03 | E13: =+F14 -> 17534.815 | F13: =(D13*E13) -> 526.04445 | J13: CUADRILLA DE ESTRUCTURA METÁLICA (HH) | K13: HC | L13: 72693
B14: MANO DE OBRA AA | C14: hc | D14: 0.6 | E14: =+L4 -> 29224.692 | F14: =+D14*E14 -> 17534.815 | J14: CUADRILLA CARPINTERÍA METÁLICA (HH1) | K14: HC | L14: 64294.321
J15: CUADRILLA DE TOPOGRAFÍA (II) | K15: HC | L15: 94408.263
A16: 1.7.18 | B16: SALIDA SANITARIA LAVAMANOS 2" SUMINISTRO E INSTALACIÓN | C16: UN | F16: =ROUND(SUM(F17:F23),0) -> 55534 | H16: =ROUND(F16*1.3,0) -> 72194 | J16: CUADRILLA DE ASEO (KK) | K16: HC | L16: 23379.754
B17: SOLDADURA PVC LIQUIDA 1/4 | C17: UN | D17: 0.04 | E17: 47276 | F17: =+D17*E17 -> 1891.04 | J17: CUADRILLA DE JARDINERÍA (NN) | K17: HC | L17: 32731.655
B18: LIMPIADOR PVC LIQUIDA 1/4 | C18: UN | D18: 0.04 | E18: 50901 | F18: =+D18*E18 -> 2036.04 | J18: CUADRILLA DE MANEJO DE EXPLOSIVOS (OO) | K18: HC | L18: 35069.629
B19: TUBO PVC SANITARIO 2 | C19: ML | D19: 2 | E19: 9500 | F19: =+D19*E19 -> 19000 | J19: CUADRILLA DE SEÑALIZACIÓN VIAL (PP) | K19: HC | L19: 29224.692
B20: YEE SANITARIA 2 | C20: UN | D20: 0.5 | E20: 8200 | F20: =+D20*E20 -> 4100 | J20: CUADRILLA ESPECIALIZADA TERMOFUSIONES (QQ) | K20: HC | L20: 94323.658
B21: DESPERDICIO | C21: % | D21: 0.03 | E21: 47194 | F21: =+D21*E21 -> 1415.82
B22: HERRAMIENTAS MENORES | C22: %MO | D22: 0.03 | E22: =+F23 -> 26302.222 | F22: =(D22*E22) -> 789.06666
B23: MANO DE OBRA BB | C23: hc | D23: 0.75 | E23: =+L6 -> 35069.629 | F23: =+D23*E23 -> 26302.222
A25: 1.7.19 | B25: SALIDA SANITARIA DUCHA 2" SUMINISTRO E INSTALACIÓN | C25: UN | F25: =ROUND(SUM(F26:F32),0) -> 55534 | H25: =ROUND(F25*1.3,0) -> 72194
B26: SOLDADURA PVC LIQUIDA 1/4 | C26: UN | D26: 0.04 | E26: 47276 | F26: =+D26*E26 -> 1891.04
B27: LIMPIADOR PVC LIQUIDA 1/4 | C27: UN | D27: 0.04 | E27: 50901 | F27: =+D27*E27 -> 2036.04
B28: TUBO PVC SANITARIO 2 | C28: ML | D28: 2 | E28: 9500 | F28: =+D28*E28 -> 19000
B29: YEE SANITARIA 2 | C29: UN | D29: 0.5 | E29: 8200 | F29: =+D29*E29 -> 4100
B30: DESPERDICIO | C30: % | D30: 0.03 | E30: 47194 | F30: =+D30*E30 -> 1415.82
B31: HERRAMIENTAS MENORES | C31: %MO | D31: 0.03 | E31: =+F32 -> 26302.222 | F31: =(D31*E31) -> 789.06666
B32: MANO DE OBRA BB | C32: hc | D32: 0.75 | E32: =+E23 -> 35069.629 | F32: =+D32*E32 -> 26302.222
A34: 1.7.20 | B34: SALIDA SANITARIA GRIFERIA 2" | C34: UN | F34: =ROUND(SUM(F35:F41),0) -> 55534 | H34: =ROUND(F34*1.3,0) -> 72194
B35: SOLDADURA PVC LIQUIDA 1/4 | C35: UN | D35: 0.04 | E35: 47276 | F35: =+D35*E35 -> 1891.04
B36: LIMPIADOR PVC LIQUIDA 1/4 | C36: UN | D36: 0.04 | E36: 50901 | F36: =+D36*E36 -> 2036.04
B37: TUBO PVC SANITARIO 2 | C37: ML | D37: 2 | E37: 9500 | F37: =+D37*E37 -> 19000
B38: YEE SANITARIA 2 | C38: UN | D38: 0.5 | E38: 8200 | F38: =+D38*E38 -> 4100
B39: DESPERDICIO | C39: % | D39: 0.03 | E39: 47194 | F39: =+D39*E39 -> 1415.82
B40: HERRAMIENTAS MENORES | C40: %MO | D40: 0.03 | E40: =+F41 -> 26302.222 | F40: =(D40*E40) -> 789.06666
B41: MANO DE OBRA BB | C41: hc | D41: 0.75 | E41: =+E32 -> 35069.629 | F41: =+D41*E41 -> 26302.222
A43: 1.7.21 | B43: SALIDA SANITARIA LAVAPLATOS 2" | C43: UN | F43: =ROUND(SUM(F44:F51),0) -> 150086 | H43: =ROUND(F43*1.3,0) -> 195112
B44: SOLDADURA PVC LIQUIDA 1/4 | C44: UN | D44: 0.04 | E44: 47276 | F44: =+D44*E44 -> 1891.04
B45: LIMPIADOR PVC LIQUIDA 1/4 | C45: UN | D45: 0.04 | E45: 50901 | F45: =+D45*E45 -> 2036.04
B46: SOLDADURA PVC LIQUIDA 1/4 | C46: UN | D46: 2 | E46: 47276 | F46: =+D46*E46 -> 94552
B47: TUBO PVC SANITARIO 2 | C47: ML | D47: 2 | E47: 9500 | F47: =+D47*E47 -> 19000
B48: YEE SANITARIA 2 | C48: UN | D48: 0.5 | E48: 8200 | F48: =+D48*E48 -> 4100
B49: DESPERDICIO | C49: % | D49: 0.03 | E49: 47194 | F49: =+D49*E49 -> 1415.82
B50: HERRAMIENTAS MENORES | C50: %MO | D50: 0.03 | E50: =+F51 -> 26302.222 | F50: =(D50*E50) -> 789.06666
B51: MANO DE OBRA BB | C51: hc | D51: 0.75 | E51: =+E41 -> 35069.629 | F51: =+D51*E51 -> 26302.222
A53: 1.7.22 | B53: SALIDA SANITARIA SANITARIO 4" SUMINISTRO E INSTALACIÓN | C53: UN | F53: =ROUND(SUM(F54:F61),0) -> 100024 | H53: =ROUND(F53*1.3,0) -> 130031
B54: YEE SANITARIA PVC4" | C54: UN | D54: 0.5 | E54: 25000 | F54: =+D54*E54 -> 12500
B55: TUBO PVC SANITARIO 4 | C55: ML | D55: 1.6 | E55: 19650 | F55: =+D55*E55 -> 31440
B56: CODO 90° 1/4 CXC SANITARIO 4 | C56: UN | D56: 1 | E56: 12000 | F56: =+D56*E56 -> 12000
B57: SOLDADURA PVC LIQUIDA 1/4 | C57: UN | D57: 0.08 | E57: 47276 | F57: =+D57*E57 -> 3782.08
B58: LIMPIADOR PVC LIQUIDA 1/4 | C58: UN | D58: 0.08 | E58: 50901 | F58: =+D58*E58 -> 4072.08
B59: DESPERDICIO | C59: % | D59: 0.03 | E59: =SUM(F54:F58) -> 63794.16 | F59: =+D59*E59 -> 1913.8248
B60: HERRAMIENTAS MENORES | C60: %MO | D60: 0.03 | E60: =+F61 -> 33316.148 | F60: =(D60*E60) -> 999.48444
B61: MANO DE OBRA BB | C61: hc | D61: 0.95 | E61: =+E51 -> 35069.629 | F61: =+D61*E61 -> 33316.148
A63: 1.7.23 | B63: SALIDA SANITARIA LAVADORA 3" | C63: UN | F63: =ROUND(SUM(F64:F71),0) -> 83949 | H63: =ROUND(F63*1.3,0) -> 109134
B64: YEE SANITARIA PVC 3" | C64: UN | D64: 0.5 | E64: 14000 | F64: =+D64*E64 -> 7000
B65: TUBO PVC SANITARIO 3 | C65: ML | D65: 1.6 | E65: 13333.33 | F65: =+D65*E65 -> 21333.328
B66: CODO 90° 1/4 CXC SANITARIO 3 | C66: UN | D66: 1 | E66: 12000 | F66: =+D66*E66 -> 12000
B67: SOLDADURA PVC LIQUIDA 1/4 | C67: UN | D67: 0.08 | E67: 47276 | F67: =+D67*E67 -> 3782.08
B68: LIMPIADOR PVC LIQUIDA 1/4 | C68: UN | D68: 0.08 | E68: 50901 | F68: =+D68*E68 -> 4072.08
B69: DESPERDICIO | C69: % | D69: 0.03 | E69: =SUM(F64:F68) -> 48187.488 | F69: =+D69*E69 -> 1445.6246
B70: HERRAMIENTAS MENORES | C70: %MO | D70: 0.03 | E70: =+F71 -> 33316.148 | F70: =(D70*E70) -> 999.48444
B71: MANO DE OBRA BB | C71: hc | D71: 0.95 | E71: =+E61 -> 35069.629 | F71: =+D71*E71 -> 33316.148
A73: 1.7.24 | B73: CAJA DE INSPECCIÓN DE 0.80 X 0.80 X 0.80 M EN CONCRETO 3000 PSI ELABORADA EN SITIO. INCLUYE TAPA EN CONCRETO REFORZADO Y MARCO EN ÁNGULO METÁLICO. SUMINISTRO Y ELABORACIÓN. | C73: UN | F73: =ROUND(SUM(F74:F83),0) -> 397255 | H73: =ROUND(F73*1.3,0) -> 516432
B74: CONCRETO 1:2:3 ELABORADO EN OBRA-3.000PSI CLASE D-IMPERMEABILIZADO | C74: M3 | D74: 0.29 | E74: 559056 | F74: =+D74*E74 -> 162126.24
B75: MORTERO 1:4 IMPERMEABILIZADO | C75: M3 | D75: 0.02 | E75: 615928 | F75: =+D75*E75 -> 12318.56
B76: ALAMBRE NEGRO No.17 kG | C76: kg | D76: =+D77*3% -> 0.168 | E76: 9305.8 | F76: =+D76*E76 -> 1563.3744
B77: ACERO DE REFUERZO PDR-60 | C77: kg | D77: 5.6 | E77: 5800 | F77: =+D77*E77 -> 32480
B78: TAPA Y MARCO PARA REGISTRO ELECTRICO O SANITARIO 0.60X0.60, EN ANGULO 3/16X1 1/2" EN TAPA Y MARCO, INCL. VARILLAS DE 6MM Y ANTICORROSIVO | C78: UN | D78: 1 | E78: 62640 | F78: =+D78*E78 -> 62640
B79: DESPERDICIO | C79: % | D79: 0.05 | E79: 208488.17 | F79: =+D79*E79 -> 10424.409
B80: FORMALETA | C80: UN | D80: 0.71 | E80: 20416 | F80: =+D80*E80 -> 14495.36
B81: =B49 -> DESPERDICIO | C81: M3 | D81: =D74+D75 -> 0.31 | E81: 15749 | F81: =+D81*E81 -> 4882.19
B82: HERRAMIENTAS MENORES | C82: %MO | D82: 0.03 | E82: =+F83 -> 93519.014 | F82: =(D82*E82) -> 2805.5704
B83: MANO DE OBRA AA | C83: hc | D83: =3.2 -> 3.2 | E83: =+E14 -> 29224.692 | F83: =+D83*E83 -> 93519.014
A85: 1.7.25 | B85: CARCAMO EN CONCRETO DE 3000 PSI | C85: M3 | F85: =ROUND(SUM(F86:F89),0) -> 685151 | H85: =ROUND(F85*1.3,0) -> 890696
B86: CONCRETO DE 3000PSI PARA CARCAMO | C86: ML | D86: 1 | E86: 546611 | F86: =(D86*E86) -> 546611
B87: TRANSPORTE | C87: % | D87: 0.03 | E87: =SUM(F86) -> 546611 | F87: =+D87*E87 -> 16398.33
B88: HERRAMIENTAS MENORES | C88: %MO | D88: 0.03 | E88: =+F89 -> 118584.44 | F88: =(D88*E88) -> 3557.5333
B89: MANO DE OBRA BB | C89: hc | D89: =3.19*1.06 -> 3.3814 | E89: =+E71 -> 35069.629 | F89: =(D89*E89) -> 118584.44
A91: 1.7.26 | B91: BAJANTE REDONDA AGUAS LLUVIAS 4" PVC SUMINISTRO E INSTALACIÓN | C91: ML | F91: =ROUND(SUM(F92:F99),0) -> 36325 | H91: =ROUND(F91*1.3,0) -> 47223
B92: TUBO PVC A.LL. 4 | C92: ML | D92: 1 | E92: 18846 | F92: =+D92*E92 -> 18846
B93: CODO 90° 1/4 CXC SANITARIO 4 | C93: UN | D93: 0.06 | E93: 12000 | F93: =+D93*E93 -> 720
B94: SOLDADURA PVC LIQUIDA 1/4 | C94: UN | D94: 0.02 | E94: 47276 | F94: =+D94*E94 -> 945.52
B95: LIMPIADOR PVC LIQUIDA 1/4 | C95: UN | D95: 0.02 | E95: 50901 | F95: =+D95*E95 -> 1018.02
B96: DESPERDICIO | C96: % | D96: 0.05 | E96: =SUM(F92:F95) -> 21529.54 | F96: =+D96*E96 -> 1076.477
B97: ANDAMIO TUBULAR CON PLANCHON | C97: dia | D97: 0.05 | E97: =+F92+F93+F94+F95 -> 21529.54 | F97: =+D97*E97 -> 1076.477
B98: HERRAMIENTAS MENORES | C98: %MO | D98: 0.03 | E98: =+F99 -> 12274.37 | F98: =(D98*E98) -> 368.23111
B99: MANO DE OBRA BB | C99: hc | D99: 0.35 | E99: =+E89 -> 35069.629 | F99: =+D99*E99 -> 12274.37
A101: 1.7.27 | B101: LAVADERO PREFABRICADO 0.65 0.80 M SUMINISTRO E INSTALACIÓN | C101: UN | F101: =ROUND(SUM(F102:F105),0) -> 330673 | H101: =ROUND(F101*1.3,0) -> 429875
B102: LAVADERO PREFABRICADO DE 0,65X0,80M | C102: UN | D102: 1 | E102: 300000 | F102: =+D102*E102 -> 300000
B103: TRANSPORTE | C103: % | D103: 0.03 | E103: =+F102 -> 300000 | F103: =+D103*E103 -> 9000
B104: HERRAMIENTAS MENORES | C104: %MO | D104: 0.03 | E104: =+F105 -> 21041.778 | F104: =(D104*E104) -> 631.25333
B105: MANO DE OBRA BB | C105: hc | D105: 0.6 | E105: =+E99 -> 35069.629 | F105: =+D105*E105 -> 21041.778
A107: 1.7.29 | B107: ACCESORIO PVCP 1-1/4" SUMINISTRO E INSTALACIÓN | C107: ML | F107: =ROUND(SUM(F108:F112),0) -> 5331 | H107: =ROUND(F107*1.3,0) -> 6930
B108: SOLDADURA PVC LIQUIDA 1/4 | C108: UN | D108: 0.02 | E108: 47276 | F108: =+D108*E108 -> 945.52
B109: LIMPIADOR PVC LIQUIDA 1/4 | C109: UN | D109: 0.02 | E109: 50901 | F109: =+D109*E109 -> 1018.02
B110: ACCESORIO PVCP 1-1/4" | C110: ML | D110: 1 | E110: 1200 | F110: =+D110*E110 -> 1200
B111: HERRAMIENTAS MENORES | C111: %MO | D111: 0.03 | E111: =+F112 -> 2104.1778 | F111: =(D111*E111) -> 63.125333
...
